 Dungeon Crawl Stone Soup version 0.31-a0-339-gda1cbd555d (webtiles) character file.

Game seed: 12667868179805216798

1425 Newt the Trooper (level 8, -11/67 HPs)
             Began as a Merfolk Fighter on July 21, 2023.
             Killed by divine providence
             ... invoked by an orc priest
              (15 damage)
             ... on level 5 of the Dungeon.
             The game lasted 00:07:04 (4661 turns).

Newt the Trooper (Merfolk Fighter)                  Turns: 4661, Time: 00:07:04

Health: -11/67     AC:  9    Str: 16    XL:     8   Next: 72%
Magic:  8/8        EV: 11    Int:  7    God:
Gold:   195        SH:  6    Dex: 16    Spells: 7/7 levels left

rFire   . . .        a - +0 long sword
rCold   . . .        c - +0 buckler
rNeg    . . .        b - +0 scale mail
rPois   .            m - +1 hat
rElec   .            d - +0 cloak
rCorr   .            (no gloves)
SInv    .            (no boots)
Will    .....        g - amulet of magic regeneration Stlth
                     (no ring)
HPRegen 0.31/turn    (no ring)
MPRegen 0.51/turn

%: no passive effects
@: about to teleport
A: (nimble swimmer 2), mertail
a: no special abilities


You were on level 5 of the Dungeon.
You visited 1 branch of the dungeon, and saw 5 of its levels.

You collected 195 gold pieces.

Inventory:

Hand Weapons
 a - a +0 long sword (weapon)
 i - a +3 short sword of speed
Missiles
 n - 12 poisoned darts (quivered)
 p - a throwing net
Armour
 b - a +0 scale mail (worn)
 c - a +0 buckler (worn)
 d - a +0 cloak (worn)
 m - a +1 hat (worn)
 r - a +0 leather armour of cold resistance
Jewellery
 g - an amulet of magic regeneration (around neck)
Wands
 e - a wand of flame (20)
 l - a wand of polymorph (13)
 o - a wand of iceblast (8)
Scrolls
 f - 2 scrolls of amnesia
 h - 2 scrolls of poison
Potions
 j - a potion of curing
 q - a potion of invisibility {unknown}


   Skills:
 - Level 7.0 Fighting
 + Level 6.0 Long Blades
 - Level 4.0 Armour
 - Level 4.0 Dodging
 - Level 6.0 Shields


You had 7 spell levels left.
You didn't know any spells.
Your spell library contained the following spells:

 Spells                   Type           Power      Damage    Failure   Level
 Foxfire                  Conj/Fire      0%         2x1d4     90%         1
 Lesser Beckoning         Tloc           0%         N/A       97%         2
 Gell's Gravitas          Tloc           0%         N/A       99%         3
 Mephitic Cloud           Conj/Pois/Air  0%         N/A       99%         3
 Teleport Other           Tloc           0%         N/A       99%         3
 Animate Armour           Summ/Erth      0%         N/A       100%        4
 Monstrous Menagerie      Summ           0%         N/A       100%        7


Dungeon Overview and Level Annotations

Branches:
Dungeon (5/15)
 Temple: D:4-7

Altars:
Ashenzari
Trog
Xom

Annotations:
D:5 3 runed translucent doors


Innate Abilities, Weirdness & Mutations

((You are very nimble when in or above water. (Stealth+, EV+, Speed+++)))
Your lower body shifts to a powerful aquatic tail in water.


Message History

You barely miss the orc wizard.
The orc wizard is almost dead.
The orc priest mumbles some strange prayers to Beogh against you.
Beogh smites you!
The orc wizard gestures at you while chanting.
The puff of flame hits you!
The orc priest calls down the wrath of Beogh upon you.
Pain shoots through your body!
* * * LOW HITPOINT WARNING * * *
Unknown command.
As you read the scroll of teleportation, it crumbles to dust.
You feel strangely unstable.
The orc wizard points at you and mumbles some strange words.
The magic dart hits you but does no damage.
The orc wizard attacks as you move away!
You block the orc wizard's attack. The adder bites you but does no damage.
The adder attacks as you move away! The adder bites you but does no damage.
Your surroundings suddenly seem different.
The orc priest shouts!
As you read the scroll of teleportation, it crumbles to dust.
You feel strangely unstable.
Unknown command.
You hit the orc priest.
The orc priest is moderately wounded.
The orc priest barely misses you.
Unknown command.
You hit the orc priest but do no damage.
The orc priest is moderately wounded.
The orc priest hits you with a +0 mace.
* * * LOW HITPOINT WARNING * * *
The orc wizard gestures wildly while chanting.
The orc wizard flickers and vanishes!
Deactivating autopickup; reactivate with Ctrl-A.
You hit the orc priest but do no damage.
The orc priest is moderately wounded.
The orc priest misses you. The water moccasin bites you.
* * * LOW HITPOINT WARNING * * *
The orc priest invokes the aid of Beogh against you.
Beogh smites you!
You die...

#### ## ##..##.##
.###.@S....#
...#.#o....#
.....#o..######
.........S......
.......)..o......
#.......##...##.# #
#.......o..#.##.#.[
.................#
.............##


You could see a water moccasin, 2 orc priests, an adder and an orc.

Vanquished Creatures
  Pikel (D:4)
  Sigmund (D:4)
  Eustachio (D:4)
  Edmund (D:5)
  A phantom (D:4)
  Blork the orc (D:4)
  A jelly (D:4)
  Crazy Yiuf (D:2)
  2 hounds (D:5)
  Ijyb (D:4)
  2 iguanas
  2 orc wizards
  A gnoll (D:4)
  7 adders
  2 ufetubi
  2 dart slugs
  20 orcs
  6 endoplasms
  4 giant cockroaches
  9 goblins
  5 hobgoblins
  9 jackals
  10 kobolds
  5 quokkas
  7 ball pythons
  6 bats
  3 frilled lizards
  6 rats
117 creatures vanquished.

Notes
Turn   | Place    | Note
-------+----------+-------------------------------------------
     0 | D:1      | Newt the Merfolk Fighter began the quest for the Orb.
     0 | D:1      | Reached XP level 1. HP: 18/18 MP: 1/1
   145 | D:1      | Got the Cyclopedia of Familiar Assaults
   200 | D:1      | Reached XP level 2. HP: 23/25 MP: 2/2
   205 | D:1      | Reached skill level 4 in Fighting
   405 | D:1      | Reached skill level 1 in Dodging
   907 | D:2      | Reached XP level 3. HP: 28/30 MP: 3/3
  1402 | D:2      | Found a runed translucent door.
  1403 | D:2      | Noticed Crazy Yiuf
  1572 | D:2      | Killed Crazy Yiuf
  1573 | D:2      | Reached XP level 4. HP: 27/37 MP: 2/4
  1659 | D:3      | Found a bloodstained altar of Trog.
  1762 | D:3      | Found a shimmering altar of Xom.
  1805 | D:3      | Reached XP level 5. HP: 42/42 MP: 5/5
  2014 | D:3      | Found a broken altar of Ashenzari.
  2178 | D:4      | Noticed a lemure
  2178 | D:4      | Noticed a lemure
  2178 | D:4      | Noticed a lemure
  2179 | D:4      | Noticed Pikel
  2212 | D:4      | Killed Pikel
  2213 | D:4      | Reached skill level 5 in Long Blades
  2213 | D:4      | Reached XP level 6. HP: 7/48 MP: 6/6
  2213 | D:4      | Reached XP level 7. HP: 8/54 MP: 7/7
  2498 | D:4      | Noticed Sigmund
  2561 | D:4      | Killed Sigmund
  2562 | D:4      | Reached skill level 5 in Shields
  2618 | D:4      | Noticed Blork the orc
  2628 | D:4      | Killed Blork the orc
  2771 | D:4      | Reached XP level 8. HP: 53/60 MP: 8/8
  2800 | D:4      | Noticed Ijyb
  2827 | D:4      | Killed Ijyb
  3247 | D:4      | Reached skill level 5 in Fighting
  3335 | D:4      | Noticed Eustachio
  3747 | D:4      | Killed Eustachio
  3748 | D:4      | Reached skill level 6 in Fighting
  4222 | D:5      | Entered Level 5 of the Dungeon
  4222 | D:5      | Found a runed translucent gate.
  4248 | D:5      | Found a runed translucent gate.
  4249 | D:5      | Found a runed translucent gate.
  4362 | D:5      | Noticed Edmund
  4409 | D:5      | Killed Edmund
  4410 | D:5      | Reached skill level 7 in Fighting
  4661 | D:5      | Killed from afar by an orc priest

Illustrated notes

Levels and vault maps discovered:
D:1:      dpeg_arrival_simpleton_c, layout_basic, minmay_misc_feat_nine_boxes
D:2:      layout_rooms, minmay_tree_intersection, uniq_crazy_yiuf_cottage
D:3:      layout_rooms, general_overflow_altar, trog_hazing_becter,
          xom_butterflies
D:4:      layout_loops_ring, st_stairs_10, minmay_fractal_squares_5, uniq_ijyb,
          uniq_eustachio, uniq_sigmund, uniq_pikel, uniq_blork_the_orc
D:5:      layout_cave_pools, gammafunk_ghost_cemetery, uniq_edmund

Skill      XL: |  1  2  3  4  5  6  7  8 |
---------------+-------------------------+-----
Fighting       | 4 7 |  7.0
Dodging        | 2 4 |  4.0
Long Blades    | 3 5 6 |  6.0
Armour         | 4 |  4.0
Shields        | 4 6 |  6.0

Action                     |  1- 3 |  4- 6 |  7- 9 || total
---------------------------+-------+-------+-------++-------
  Melee: Long sword        |   116 |   112 |   338 ||   566
         Unarmed           |       |       |     5 ||     5
  Throw: Dart              |       |     4 |     6 ||    10
         Throwing net      |       |     1 |       ||     1
  Evoke: Wand              |       |       |     4 ||     4
    Use: Scroll            |     3 |     2 |     4 ||     9
         Potion            |     2 |     3 |     1 ||     6
 Armour: Scale mail        |    75 |    53 |   180 ||   308
         Skin              |       |       |     5 ||     5
  Dodge: Dodged            |    94 |    88 |   239 ||   421
  Block: Buckler           |    48 |    38 |   132 ||   218

Table legend: (Time is in decaauts)
 A = Elapsed time spent in this place.
 B = Non-inter-level travel time spent in this place.
 C = Inter-level travel time spent in this place.
 D = Time resting spent in this place.
 E = Time spent auto-exploring this place.
 F = Levels seen in this place.
 G = Mean time per level.
                   A        B        C        D        E       F      G
               +--------+--------+--------+--------+--------+-----+--------+
         Total |   4754 |   4602 |    152 |   1279 |   2199 |   5 |  950.8 |
       Dungeon |   4754 |   4602 |    152 |   1279 |   2199 |   5 |  950.8 |
               +--------+--------+--------+--------+--------+-----+--------+

Top non-repeatable levels by time:
     D:4: 1785 daAuts
     D:1: 914 daAuts
     D:3: 842 daAuts
     D:2: 758 daAuts
     D:5: 452 daAuts
